 Dungeon Sprint DCSS version 0.30-a0-347-gf58ed5266c (webtiles) character file.

Game seed: 671919707553560092

12 rocky1 the Shield-Bearer (level 2, -2/37 (43) HPs)
             Began as a Gnoll Fighter on Nov 7, 2022.
             Was a Believer of Cheibriados.
             Slain by a wight
             ... wielding a +5 hand axe
              (10 damage)
             ... while paralysed by a floating eye
             ... in the Dungeon (Sprint VII: "The Pits").
             The game lasted 00:00:58 (142 turns).

rocky1 the Shield-Bearer (Gnoll Fighter)             Turns: 142, Time: 00:00:59

HP:   -2/37 (43)    AC:  7    Str: 19    XL:     2   Next: 33%
MP:   4/4           EV:  2    Int: 11    God:    Cheibriados [**....]
Gold: 0             SH:  0    Dex: 15    Spells: 3/3 levels left

rFire   . . .      SeeInvis .    n - +2 trident
rCold   . . .      Faith    .    c - +0 buckler
rNeg    . . .      Spirit   .    b - +0 scale mail
rPois   .          Reflect  .    (no helmet)
rElec   .          Harm     .    (no cloak)
rCorr   .          Rampage  .    (no gloves)
Will    .....      NoTele   +    (no boots)
Stlth   ..........               (no amulet)
HPRegen 0.26/turn                (no ring)
MPRegen 0.09/turn                (no ring)

@: paralysed, berserking (expiring), heavily drained, very slow
A: fangs 1, strong nose, distributed training
a: Renounce Religion, Bend Time


You were in the Dungeon.
You worshipped Cheibriados.
Cheibriados was pleased with you.
You visited 1 branch

Inventory:

Hand Weapons
 a - a +0 trident
 n - a +2 trident (weapon)
Armour
 b - a +0 scale mail (worn)
 c - a +0 buckler (worn)
Scrolls
 j - a scroll of blinking
 l - 5 scrolls of amnesia
 m - a scroll of summoning
Potions
 d - a potion of might
 e - a potion of curing
 f - a potion of heal wounds
 g - a potion of haste
 h - 4 potions of magic
 i - 2 potions of berserk rage
 k - 2 potions of invisibility


   Skills:
 + Level 6.6 Fighting
 + Level 1.3 Short Blades
 + Level 1.3 Long Blades
 + Level 1.3 Axes
 + Level 1.3 Maces & Flails
 + Level 4.7 Polearms
 + Level 1.3 Staves
 + Level 1.3 Ranged Weapons
 + Level 1.3 Throwing
 + Level 6.6 Armour
 + Level 1.3 Dodging
 + Level 1.3 Stealth
 + Level 6.6 Shields
 + Level 1.3 Unarmed Combat
 + Level 1.3 Spellcasting
 + Level 1.1 Conjurations
 + Level 1.1 Hexes
 + Level 1.1 Summonings
 + Level 1.1 Necromancy
 + Level 1.1 Translocations
 + Level 1.1 Transmutations
 + Level 1.1 Fire Magic
 + Level 1.1 Ice Magic
 + Level 1.1 Air Magic
 + Level 1.1 Earth Magic
 + Level 1.1 Poison Magic
 + Level 1.5 Invocations
 + Level 1.3 Evocations


You had 3 spell levels left.
You didn't know any spells.
Your spell library was empty.

Dungeon Overview and Level Annotations

Branches:
Dungeon (1/1)

Altars:
Ashenzari
Cheibriados
Dithmenos
Elyvilon
Fedhas
Gozag
Hepliaklqana
Kikubaaqudgha
Makhleb
Nemelex Xobeh
Okawaru
Qazlal
Ru
Sif Muna
Trog
Uskayaw
Vehumet
Wu Jian
Xom
Yredelemnul
Zin
The Shining One
Jiyva
Lugonu


Innate Abilities, Weirdness & Mutations

You have very sharp teeth.
Your uncanny sense of smell can sniff out nearby items.
Your experience applies equally to all skills.


Message History

There is an open door here.
You see here a +0 club.
You start resting.
Magic restored.
As you open the door, it creaks loudly! 2 wights, a bat and a floating eye come into view.
The floating eye turns its gaze towards you.
A ball python comes into view.
The floating eye seems to glare at you.
The wight moves out of view.
You closely miss the wight.
The ball python hisses angrily.
The wight hits you with a +5 hand axe!
You feel drained.
A wight comes into view. It is wielding a +2 war axe.
You hit the wight.
The wight is lightly damaged.
Unknown command.
A red film seems to cover your vision as you go berserk!
Cheibriados forces you to slow down.
You feel mighty!
The floating eye pulsates ominously.
The wight closely misses you. The wight barely misses you.
Unknown command.
You puncture the wight! You bite the wight.
The wight is almost destroyed.
You block the wight's attack.
The wight hits you with a +0 short sword.
You feel drained.
The floating eye gazes piercingly through you!
You suddenly lose the ability to move!
The wight hits you with a +0 short sword.
The wight hits you with a +5 hand axe.
The floating eye's stare focuses on you.
The wight hits you with a +0 short sword.
The wight hits you with a +5 hand axe.
* * * LOW HITPOINT WARNING * * *
You feel drained.
* * * LOW HITPOINT WARNING * * *
The wight hits you with a +5 hand axe!
You die...

##########'##...........
#.?(.')))'.##......#..#.
##########.##...........
#...........†...........
#+#####†#####......#..#.
∆∆#.....##...........
∆∆#####)#####'#####++
∆∆#.....##.......#
∆∆#..@z.##.......#
∆∆###z####.......#


GbS #...<...# ..z.. #.......# ......##.......# #########.......# ######### ∆∆∆∆
You could see a floating eye (charged), 3 wights, a bat and a ball python.

Vanquished Creatures
  An ufetubus (D)
  An adder skeleton (D)
  A giant cockroach (D)
  A goblin (D)
  A ball python (D)
5 creatures vanquished.

Notes
Turn   | Place    | Note
-------+----------+-------------------------------------------
     0 | D        | rocky1 the Gnoll Fighter began the quest for the Orb.
     0 | D        | Reached XP level 1. HP: 23/23 MP: 1/1
    44 | D        | Found a bloodstained altar of Trog.
    44 | D        | Found a shimmering blue altar of Sif Muna.
    44 | D        | Found a viscous altar of Jiyva.
    44 | D        | Found a hazy altar of Hepliaklqana.
    44 | D        | Found an opulent altar of Gozag.
    45 | D        | Found a glowing golden altar of the Shining One.
    45 | D        | Found a glowing silver altar of Zin.
    45 | D        | Found a basalt altar of Yredelemnul.
    45 | D        | Found a shimmering altar of Xom.
    45 | D        | Found an ornate altar of the Wu Jian Council.
    45 | D        | Found a sacrificial altar of Ru.
    45 | D        | Found a stormy altar of Qazlal.
    45 | D        | Found an iron altar of Okawaru.
    45 | D        | Found a sparkling altar of Nemelex Xobeh.
    45 | D        | Found a burning altar of Makhleb.
    45 | D        | Found a blossoming altar of Fedhas.
    45 | D        | Found a white marble altar of Elyvilon.
    45 | D        | Found a shadowy altar of Dithmenos.
    45 | D        | Found a snail-covered altar of Cheibriados.
    47 | D        | Found a radiant altar of Vehumet.
    47 | D        | Found a corrupted altar of Lugonu.
    48 | D        | Found a hide-covered altar of Uskayaw.
    48 | D        | Found an ancient bone altar of Kikubaaqudgha.
    48 | D        | Found a broken altar of Ashenzari.
    56 | D        | Became a worshipper of Cheibriados the Contemplative
    81 | D        | Reached * piety under Cheibriados
    82 | D        | Reached skill level 1 in Short Blades
    82 | D        | Reached skill level 1 in Long Blades
    82 | D        | Reached skill level 1 in Axes
    82 | D        | Reached skill level 1 in Maces & Flails
    82 | D        | Reached skill level 1 in Staves
    82 | D        | Reached skill level 1 in Ranged Weapons
    82 | D        | Reached skill level 1 in Throwing
    82 | D        | Reached skill level 1 in Dodging
    82 | D        | Reached skill level 1 in Stealth
    82 | D        | Reached skill level 1 in Unarmed Combat
    82 | D        | Reached skill level 1 in Spellcasting
    82 | D        | Reached skill level 1 in Invocations
    82 | D        | Reached skill level 1 in Evocations
    82 | D        | Reached XP level 2. HP: 25/29 MP: 1/3
   112 | D        | Reached skill level 1 in Conjurations
   112 | D        | Reached skill level 1 in Hexes
   112 | D        | Reached skill level 1 in Summonings
   112 | D        | Reached skill level 1 in Necromancy
   112 | D        | Reached skill level 1 in Translocations
   112 | D        | Reached skill level 1 in Transmutations
   112 | D        | Reached skill level 1 in Fire Magic
   112 | D        | Reached skill level 1 in Ice Magic
   112 | D        | Reached skill level 1 in Air Magic
   112 | D        | Reached skill level 1 in Earth Magic
   112 | D        | Reached skill level 1 in Poison Magic
   119 | D        | Reached ** piety under Cheibriados
   135 | D        | Noticed a wight
   135 | D        | Noticed a wight
   135 | D        | Noticed a floating eye
   136 | D        | Noticed a wight
   139 | D        | Paralysed by a floating eye for 4 turns
   142 | D        | Slain by a wight

Illustrated notes

Levels and vault maps discovered:
D:        pitsprint [storerooms_1, entrance_room_1, metal_vault_6, armoury_3,
          mini_pit_1, grid_room_1, main_hall_1, silver_pit, the_coven_3,
          the_vestibule_1, steel_vault_1, golden_pit, hallway_of_sentries,
          crystal_vault_2, iron_vault_2, final_vault]

Skill      XL: |  1  2 |
---------------+-------+-----
Short Blades   | 1 |  1.3
Long Blades    | 1 |  1.3
Axes           | 1 |  1.3
Maces & Flails | 1 |  1.3
Staves         | 1 |  1.3
Ranged Weapons | 1 |  1.3
Throwing       | 1 |  1.3
Dodging        | 1 |  1.3
Stealth        | 1 |  1.3
Unarmed Combat | 1 |  1.3
Spellcasting   | 1 |  1.3
Invocations    | 1 |  1.5
Evocations     | 1 |  1.3
Conjurations   | 1 |  1.1
Hexes          | 1 |  1.1
Summonings     | 1 |  1.1
Necromancy     | 1 |  1.1
Translocations | 1 |  1.1
Transmutations | 1 |  1.1
Fire Magic     | 1 |  1.1
Ice Magic      | 1 |  1.1
Air Magic      | 1 |  1.1
Earth Magic    | 1 |  1.1
Poison Magic   | 1 |  1.1
Fighting       | |  6.6
Polearms       | |  4.7
Armour         | |  6.6
Shields        | |  6.6

Action                   || total
-------------------------++-------
Melee: Trident           ||    21
       Bite              ||     3
  Use: Potion            ||     1
Armor: Scale mail        ||    12
Dodge: Dodged            ||     5
Block: Buckler           ||     5

Table legend: (Time is in decaauts)
 A = Elapsed time spent in this place.
 B = Non-inter-level travel time spent in this place.
 C = Inter-level travel time spent in this place.
 D = Time resting spent in this place.
 E = Time spent auto-exploring this place.
 F = Levels seen in this place.
 G = Mean time per level.
                   A        B        C        D        E       F      G
               +--------+--------+--------+--------+--------+-----+--------+
         Total |    152 |    152 |      0 |     35 |      0 |   1 |  152.0 |
       Dungeon |    152 |    152 |      0 |     35 |      0 |   1 |  152.0 |
               +--------+--------+--------+--------+--------+-----+--------+

Top non-repeatable levels by time:
       D: 152 daAuts
